 Dungeon Crawl Stone Soup version 0.30-a0-272-gf98c3da03f (webtiles) character file.

Game seed: 10438070329759463422

28 shadowtrooper the Trooper (level 3, -3/33 HPs)
             Began as a Hill Orc Fighter on Oct 15, 2022.
             Slain by Crazy Yiuf
             ... wielding a +4 quarterstaff of chaos
              (13 damage)
             ... on level 2 of the Dungeon.
             The game lasted 00:01:42 (767 turns).

shadowtrooper the Trooper (Hill Orc Fighter)         Turns: 767, Time: 00:01:43

Health: -3/33      AC:  6    Str: 26    XL:     3   Next: 12%
Magic:  3/3        EV:  9    Int:  8    God:
Gold:   35         SH:  4    Dex: 10    Spells: 2/2 levels left

rFire   . . .      SeeInvis .    a - +0 war axe
rCold   . . .      Faith    .    c - +0 buckler
rNeg    . . .      Spirit   .    b - +0 scale mail
rPois   .          Reflect  .    (no helmet)
rElec   .          Harm     .    (no cloak)
rCorr   .          Rampage  .    (no gloves)
Will    .....                    (no boots)
Stlth   ..........               j - amulet of regeneration
HPRegen 1.05/turn                h - +6 ring of strength
MPRegen 0.08/turn                (no ring)

@: no status effects
A: no striking features
a: no special abilities


You were on level 2 of the Dungeon.
You visited 1 branch of the dungeon, and saw 2 of its levels.

You collected 35 gold pieces.

Inventory:

Hand Weapons
 a - a +0 war axe (weapon)
Armour
 b - a +0 scale mail (worn)
 c - a +0 buckler (worn)
Jewellery
 h - a +6 ring of strength (left hand)
 j - an amulet of regeneration (around neck)
Scrolls
 e - a scroll of identify
 f - a scroll of poison
 l - a scroll of teleportation {unknown}
Potions
 d - a potion of might
 g - a potion of curing {unknown}
 i - 2 potions of heal wounds {unknown}
 k - a potion of degeneration {unknown}


   Skills:
 + Level 4.0 Fighting
 * Level 3.4 Axes
 + Level 3.6 Armour
 + Level 0.1 Dodging
 + Level 3.5 Shields


You had 2 spell levels left.
You didn't know any spells.
Your spell library contained the following spells:

 Spells                   Type           Power      Damage    Failure   Level
 Inner Flame              Hex/Fire       0%         N/A       98%         3
 Flame Wave               Conj/Fire      0%         2d4       100%        4
 Sticky Flame             Conj/Fire      0%         2d3       100%        4


Dungeon Overview and Level Annotations

Branches:
Dungeon (2/15)

Altars:

Annotations:
D:2 Crazy Yiuf


Message History

i - 2 purple potions (gained 1)
A kobold comes into view. It is wielding a +0 short sword.
The kobold shouts!
You hear a shout! x2
A kobold is nearby!
The kobold closely misses you.
You closely miss the kobold.
The kobold hits you with a +0 short sword.
You closely miss the kobold.
The kobold hits you with a +0 short sword.
You block the kobold's attack.
You hit the kobold but do no damage. You block the kobold's attack.
You barely miss the kobold. The kobold barely misses you.
You closely miss the kobold.
A gnoll comes into view. It is wielding a +0 flail.
The kobold hits you with a +0 short sword.
The kobold closely misses you.
The gnoll moves out of view.
You barely miss the kobold. The kobold closely misses you.
You slash the kobold!
You kill the kobold!
No target in view!
No target in view!
You see here a +0 hammer.
You see here a +0 hammer.
You see here a +0 hammer.
You see here a +0 hammer.
You see here a +0 hammer.
You see here a +0 hammer.
You open the door.
Crazy Yiuf grits, "You stair childish!"
You closely miss Crazy Yiuf. Crazy Yiuf hits you but does no damage.
You hit Crazy Yiuf.
Crazy Yiuf is moderately wounded.
Crazy Yiuf hits you with a +4 quarterstaff of chaos.
Crazy Yiuf burns you.
You barely miss Crazy Yiuf.
Crazy Yiuf is moderately wounded.
Crazy Yiuf hits you with a +4 quarterstaff of chaos!
Crazy Yiuf burns you.
Crazy Yiuf hits you with a +4 quarterstaff of chaos!
You die...

...### .....##
......### #.......#
#......## #..###.##
...# #..##♣♣ ###
##.###..#.P♣♣ ♣♣#)))#
##........PP♣♣♣♣@g)).#
####.##..)..)♣))♣#)))#
####.#..#..)♣)♣♣♣ ###
##......##♣♣♣♣♣
.....#..# ##.######
...# #### #


You could see Crazy Yiuf.

Vanquished Creatures
  2 ball pythons (D:1)
  A bat (D:1)
  2 endoplasms (D:1)
  6 giant cockroaches
  3 goblins (D:1)
  2 hobgoblins (D:1)
  A quokka (D:1)
  2 frilled lizards (D:1)
  3 kobolds
  A rat (D:2)
23 creatures vanquished.

Notes
Turn   | Place    | Note
-------+----------+-------------------------------------------
     0 | D:1      | shadowtrooper the Hill Orc Fighter began the quest for the
                  | Orb.
     0 | D:1      | Reached XP level 1. HP: 19/19 MP: 1/1
    44 | D:1      | Reached XP level 2. HP: 25/27 MP: 2/2
   234 | D:1      | Reached skill level 4 in Fighting
   271 | D:1      | Reached XP level 3. HP: 32/33 MP: 3/3
   625 | D:2      | Found a runed translucent door.
   626 | D:2      | Noticed Crazy Yiuf
   767 | D:2      | Slain by Crazy Yiuf

Illustrated notes

Levels and vault maps discovered:
D:1:      minmay_arrival_semitransparent, layout_rooms,
          chequers_serial_rivers_large_b
D:2:      layout_loops_ring, uniq_natasha, uniq_crazy_yiuf_cottage

Skill      XL: |  1  2 |
---------------+-------+-----
Axes           | 3 |  3.4
Fighting       | 4 |  4.0
Armour         | |  3.6
Dodging        | |  0.1
Shields        | |  3.5

Action                   || total
-------------------------++-------
Melee: War axe           ||    65
  Use: Scroll            ||     1
Armor: Scale mail        ||    35
Dodge: Dodged            ||    33
Block: Buckler           ||    14

Table legend: (Time is in decaauts)
 A = Elapsed time spent in this place.
 B = Non-inter-level travel time spent in this place.
 C = Inter-level travel time spent in this place.
 D = Time resting spent in this place.
 E = Time spent auto-exploring this place.
 F = Levels seen in this place.
 G = Mean time per level.
                   A        B        C        D        E       F      G
               +--------+--------+--------+--------+--------+-----+--------+
         Total |    817 |    743 |     74 |      0 |    572 |   2 |  408.5 |
       Dungeon |    817 |    743 |     74 |      0 |    572 |   2 |  408.5 |
               +--------+--------+--------+--------+--------+-----+--------+

Top non-repeatable levels by time:
     D:1: 533 daAuts
     D:2: 283 daAuts
